cohdb
Replays
Latest Replays
All Replays
Popular Replays
Top Player Replays
Match Explorer
How It Works
Community
CoH3 Stats
Reddit
Sign in to upload your games and track your stats! →
Sign in with Steam
Match 41209211
Unlisted
Match 41209211
Overview
Messages
Build Orders
End
Panzergrenadier Squad
Selects Battlefield Espionage Battlegroup
Panzergrenadier Squad
250 Light Carrier
Construct Light Support Kompanie
Combat Half-tracks
Fire Support Elements
Selects Intel Disruption Beacon
MG34 Team
Pak 38 Mechanized Group
Selects 250/3 Funkpanzerwagen
Construct Panzerarmee Kommand
Panzergrenadier Squad
Walking Stuka Rocket Launcher
Flak 36 Anti-tank Gun Team
Panzergrenadier Squad
Walking Stuka Rocket Launcher
Selects Advanced Ambush Training
Selects Anti-Tank Incendiary Munitions
Selects Plunder
Selects Firestorm
Armored Reserves
Firestorm
Tiger Heavy Tank
Emergency Repair Kits
Rapid Advance
Panzerpioneer Squad
Vehicle Survival Package
Panzergrenadier Squad
Kradschützen Motorcycle Team
Panzerpioneer Squad
Flak 36 Anti-tank Gun Team
Nuclear Viking
gr.ape
TheKat
Anticafe
GAGE
Onkor
0
0
Comments
sign in to comment!
No comments posted yet!